 Dungeon Crawl Stone Soup version 0.20.1-1-g8b1a95d (webtiles) character file.

565 letownia2 the Grave Robber (level 7, -4/61 HPs)
             Began as a Deep Dwarf Necromancer on Oct 29, 2017.
             Slain by an ogre
             ... wielding a +0 giant club
              (28 damage)
             ... on level 6 of the Dungeon.
             The game lasted 00:07:58 (3201 turns).

letownia2 the Grave Robber (Deep Dwarf Necromancer) Turns: 3201, Time: 00:07:59

Health: -4/61      AC:  6    Str: 12    XL:     7   Next: 10%
Magic:  4/11       EV: 12    Int: 17    God:
Gold:   140        SH:  0    Dex: 13    Spells: 8/12 levels left

rFire    . . .     SeeInvis .   a - +1 flail (protect)
rCold    . . .     Gourm    .   (no shield)
rNeg     . . .     Faith    .   g - +0 ring mail
rPois    .         Spirit   .   (no helmet)
rElec    .         Reflect  .   (no cloak)
rCorr    .         Harm     .   (no gloves)
MR       +....                  j - +0 pair of boots
Stlth    +.........             (no amulet)
Regen    0.0/turn               p - +1 ring of evasion
MPRegen  0.2/turn               (no ring)

@: non-regenerating
A: damage resistance, heal wounds, sense surroundings 1, no regeneration
a: Heal Wounds


You were on level 6 of the Dungeon.
You were not hungry.

You visited 1 branch of the dungeon, and saw 6 of its levels.

You collected 140 gold pieces.

Inventory:

Hand Weapons
 a - a +1 flail of protection (weapon)
 o - a +0 hand axe
 q - a +0 mace
Missiles
 m - 3 tomahawks of returning (quivered)
Armour
 g - a +0 ring mail (worn)
 h - a +0 leather armour
 j - a +0 pair of boots (worn)
 B - a +0 scale mail
Jewellery
 p - a +1 ring of evasion (left hand)
Scrolls
 d - 4 scrolls of teleportation {unknown}
 r - 2 scrolls of remove curse {unknown}
 w - a scroll of fog {unknown}
 y - a scroll of enchant weapon {unknown}
 z - a scroll of random uselessness {unknown}
Potions
 e - 3 potions of curing {unknown}
 f - a potion of magic {unknown}
 i - a potion of haste {unknown}
 k - a potion of might {unknown}
 l - a potion of heal wounds {unknown}
 n - a potion of brilliance {unknown}
 t - a potion of agility {unknown}
 u - a potion of mutation {unknown}
 x - a potion of ambrosia {unknown}
 A - a potion of berserk rage {unknown}
 C - a potion of resistance {unknown}
Books
 b - a book of Necromancy

   Spells                             Type                      Level
   a - Pain                           Necromancy                   1
   b - Animate Skeleton               Necromancy                   1
   c - Vampiric Draining              Necromancy                   3
   d - Regeneration                   Charms/Necromancy            3
   e - Animate Dead                   Necromancy                   4
   f - Control Undead                 Necromancy                   4
Comestibles
 c - 4 bread rations
 s - 2 fruits
 v - 2 meat rations
 D - 2 chunks of flesh


   Skills:
 + Level 2.6 Fighting
 - Level 2.3 Armour
 - Level 2.1 Dodging
 - Level 2.4 Stealth
 - Level 3.0 Spellcasting
 + Level 7.6 Necromancy


You had 8 spell levels left.
You knew the following spells:

 Your Spells              Type           Power        Failure   Level  Hunger
a - Pain                  Necr           ####         1%          1    None
v - Vampiric Draining     Necr           ####......   4%          3    ###....


Dungeon Overview and Level Annotations

Branches:
Dungeon (6/15)
 Temple: D:4-7

Altars:
Kikubaaqudgha
Ru
Yredelemnul
The Shining One

Shops:
D:6 :

Annotations:
D:6 2 runed doors


Innate Abilities, Weirdness & Mutations

You are resistant to damage.
You can heal yourself by infusing magical energy.
You passively map a small area around you.
You do not regenerate.


Message History

Unknown command.
An ogre comes into view. It is wielding a giant club.
The ogre shouts!
Casting: Vampiric Draining
Confirm with . or Enter, or press ? or * to list all spells.
You don't know that spell.
You see here a leather armour.
There is a stone staircase leading up here.
You hear the brisk rusting of a very distant drain.
An adder comes into view.
The adder misses you.
Casting: Vampiric Draining
Confirm with . or Enter, or press ? or * to list all spells.
Aiming: Vampiric Draining
Press: ? - help, Shift-Dir - straight line, f - adder
Aim: an adder The adder is moderately wounded.
You feel life coursing into your body. The adder barely misses you.
The ogre hits you with a giant club!!
You die...

#.#.####........#
#.#.............# *
#.#..###........# , #.#..#
#........#* .
##.#..###........# , ..
#...........#.####*,...
#.........#.#.#####....
#.##..###.∩...........#
#.##..S@O........#####
#.##.#####r..#...# #.##[#
##.###.## * ########.##.# #.#
#.####### ............#
#.###........
########<#########r...........
* #......r.....##########*
############.# * #.#


You could see an ogre, an adder and a quokka.

Vanquished Creatures
  Edmund (D:6)
  A sky beast (D:6)
  Blork the orc (D:5)
  A howler monkey (D:5)
  A hound (D:4)
  2 orc priests (D:5)
  2 orc wizards
  An iguana (D:4)
  A worker ant (D:6)
  3 adders
  A leopard gecko (D:3)
  16 orcs
  A giant cockroach (D:4)
  2 goblins
  2 hobgoblins
  A quokka (D:4)
  A ball python (D:3)
  2 bats
  2 frilled lizards
  A kobold (D:1)
  3 rats
46 creatures vanquished.

Vanquished Creatures (others)
  A human (D:4)
  An adder skeleton (D:5)
2 creatures vanquished.

Grand Total: 48 creatures vanquished

Notes
Turn   | Place    | Note
-------+----------+-------------------------------------------
     0 | D:1      | letownia2 the Deep Dwarf Necromancer began the quest for the Orb.
     0 | D:1      | Reached XP level 1. HP: 15/15 MP: 3/3
   281 | D:2      | Found a sacrificial altar of Ru.
   302 | D:2      | Reached XP level 2. HP: 22/22 MP: 3/5
   736 | D:3      | Reached skill level 5 in Necromancy
   736 | D:3      | Reached XP level 3. HP: 16/28 MP: 0/7
   758 | D:2      | Learned a level 3 spell: Vampiric Draining
   952 | D:4      | Reached XP level 4. HP: 23/36 MP: 0/8
  1402 | D:4      | Found an ancient bone altar of Kikubaaqudgha.
  1433 | D:4      | Noticed a human
  1435 | D:4      | Killed a human
  1636 | D:4      | Reached skill level 1 in Armour
  1648 | D:4      | Reached XP level 5. HP: 40/42 MP: 1/9
  2006 | D:5      | Entered Level 5 of the Dungeon
  2016 | D:5      | Reached skill level 6 in Necromancy
  2218 | D:5      | Found a glowing golden altar of the Shining One.
  2220 | D:5      | Noticed an angel
  2461 | D:5      | Noticed Blork the orc
  2567 | D:5      | Reached XP level 6. HP: 47/49 MP: 1/10
  2741 | D:5      | Killed Blork the orc
  2741 | D:5      | Reached skill level 1 in Fighting
  2850 | D:5      | Found a basalt altar of Yredelemnul.
  2904 | D:6      | Reached skill level 7 in Necromancy
  2905 | D:6      | Noticed a sky beast
  2905 | D:6      | Found Sinuduh's Book Shoppe.
  3008 | D:6      | Killed a sky beast
  3073 | D:6      | Noticed Edmund
  3075 | D:6      | Found a large runed door.
  3075 | D:6      | Found a large runed door.
  3147 | D:6      | Killed Edmund
  3147 | D:6      | Reached XP level 7. HP: 20/61 MP: 0/11
  3201 | D:6      | Slain by an ogre

Skill      XL: |  1  2  3  4  5  6 |
---------------+-------------------+-----
Spellcasting   | 2 3 |  3.0
Necromancy     | 5 6 7 |  7.6
Armour         | 1 2 |  2.3
Fighting       | 2 |  2.6
Dodging        | |  2.1
Stealth        | |  2.4

Action                   |  1- 3 |  4- 6 |  7- 9 || total
-------------------------+-------+-------+-------++-------
Melee: Mace              |     8 |    12 |       ||    20
 Cast: Pain              |    33 |    64 |       ||    97
       Vampiric Draining |     2 |    13 |     2 ||    17
  Eat: Chunk             |     1 |     7 |     1 ||     9
Armor: Leather armour    |     1 |     3 |       ||     4
       Ring mail         |       |    10 |       ||    10
Dodge: Dodged            |    15 |    30 |     2 ||    47
